 Dungeon Crawl Stone Soup version 0.18.1-50-g88ac8fd (webtiles) character file.

333 Nordron the Changer (level 6, -4/51 HPs)
             Began as a Naga Transmuter on Sept 30, 2016.
             Slain by a wasp zombie (8 damage)
             ... on level 4 of the Dungeon.
             The game lasted 00:18:48 (3951 turns).

Nordron the Changer (Naga Transmuter)               Turns: 3951, Time: 00:18:49

Health: -4/51      AC:  3    Str: 13    XL:     6   Next: 53%
Magic:  9/9        EV: 10    Int: 13    God:
Gold:   134        SH:  0    Dex: 13    Spells: 2 memorised, 5 levels left

rFire  . . .     SeeInvis +     y - +3 dagger
rCold  . . .     Gourm    .     b - +0 robe
rNeg   . . .     Faith    .     (no shield)
rPois  +         Spirit   .     (no helmet)
rElec  .         Dismiss  .     (no cloak)
rCorr  .         Reflect  .     (no gloves)
SustAt .         Harm     .     (no barding)
MR     .....                    (no amulet)
Stlth  +.........               (no ring)
                                (no ring)

@: appendage (expiring), very slow, not resistant to hostile enchantments, very
unstealthy
A: horns 2, see invisible, deformed body, poison resistance, slowness 2, slow
metabolism 1, spit poison 2, AC +2
a: Spit Poison, End Transformation


You were on level 4 of the Dungeon.
You were not hungry.
You had grown temporary horns.
You visited 1 branch of the dungeon, and saw 4 of its levels.

You collected 134 gold pieces.

Inventory:

Hand Weapons
 y - a +3 dagger (weapon)
Missiles
 a - 25 arrows
Armour
 b - a +0 robe (worn)
 o - a cursed +0 leather armour
 s - a +0 shield
 v - a +3 leather armour
Jewellery
 n - an uncursed ring of fire
 w - a +4 amulet of reflection {unknown}
Scrolls
 e - 6 scrolls of identify {unknown}
 f - a scroll of magic mapping {unknown}
 g - a scroll of teleportation {unknown}
 j - 2 scrolls of fear {unknown}
 l - a scroll of enchant armour {unknown}
 m - 3 scrolls of enchant weapon {unknown}
 q - 2 scrolls of remove curse {unknown}
 u - 2 scrolls of recharging {unknown}
Potions
 h - a potion of magic {unknown}
 k - 2 potions of resistance {unknown}
 p - a potion of degeneration {unknown}
 r - 4 potions of curing {unknown}
 t - a potion of ambrosia {unknown}
 x - a potion of haste {unknown}
 z - 2 potions of brilliance {unknown}
 A - a potion of heal wounds {unknown}
Books
 c - a book of Changes

   Spells                             Type                      Level
   a - Beastly Appendage              Transmutation                1
   b - Sticks to Snakes               Transmutation                2
   c - Spider Form                    Transmutation/Poison         3
   d - Ice Form                       Ice/Transmutation            4
   e - Blade Hands                    Transmutation                5
Comestibles
 d - 3 bread rations
 i - 3 fruits
 B - 2 chunks of flesh


   Skills:
 - Level 1.0 Fighting
 - Level 1.5 Dodging
 - Level 3.0 Unarmed Combat
 - Level 2.0 Spellcasting
 * Level 6.7 Transmutations


You had 5 spell levels left.
You knew the following spells:

 Your Spells              Type           Power        Failure   Level  Hunger
a - Beastly Appendage     Trmt           ###...       1%          1    ##.....
b - Spider Form           Trmt/Pois      ##........   21%         3    ####...


Dungeon Overview and Level Annotations

Branches:
Dungeon (4/15)
 Temple: D:4-7

Altars:
Trog


Innate Abilities, Weirdness & Mutations

You cannot wear boots.
Your serpentine skin is tough (AC +2).
You have supernaturally acute eyesight.
Armour fits poorly on your strangely shaped body.
Your system is resistant to poisons.
You cover ground very slowly.
You have a slow metabolism.
You can spit poison.
You have a pair of horns on your head.


Message History

You closely miss the wasp zombie. Your headbutt misses the wasp zombie.
You have got your breath back.
The wasp zombie barely misses you.
Press: ? - help, Shift-Dir - straight line, f/p - wasp zombie
Aim: a wasp zombie The splash of poison misses the wasp zombie.
The splash of poison hits the orc.
You kill the orc!
You feel slightly more hungry. The wasp zombie hits you.
The wasp zombie hits you!
* * * LOW HITPOINT WARNING * * *
The wasp zombie hits you.
* * * LOW HITPOINT WARNING * * *
You have got your breath back.
The wasp zombie hits you.
* * * LOW HITPOINT WARNING * * *
The wasp zombie closely misses you.
Your transformation is almost over.
The wasp zombie hits you!
You die...

.......###########.#.#
.......# .......#
.......# .......
.......+ ...... .
######## #.#.. . ..#
######## ...# .#.# ..#
#......### #..# .#.#
..# #.#.<@Z..#
#..##.#.# ..#
#.#...o..###.......#
..#
#.#.....oo..)......#
..#
#.#........##..#..##
..#
#.#.######.###.#..##.#
.># #.#.# #....#
#.......# ..# #.#.#
#+#### ##..##### ..#
#.#.# ....# ..#
#######.#.# .....#


You could see 3 orcs and a wasp zombie.

Vanquished Creatures
  A scorpion (D:4)
  A hound (D:4)
  3 orc wizards (D:4)
  2 gnolls (D:4)
  4 adders
  2 oozes
  2 worms
  A dart slug (D:3)
  3 giant geckos
  7 orcs
  2 giant cockroaches
  15 goblins
  9 hobgoblins
  12 jackals
  A quokka (D:2)
  10 bats
  5 giant newts
  8 kobolds
  10 rats
98 creatures vanquished.

Notes
Turn   | Place    | Note
--------------------------------------------------------------
     0 | D:1      | Nordron the Naga Transmuter began the quest for the Orb.
     0 | D:1      | Reached XP level 1. HP: 18/18 MP: 3/3
   364 | D:1      | Reached XP level 2. HP: 21/25 MP: 3/5
   407 | D:1      | Reached skill level 3 in Transmutations
   802 | D:1      | Reached XP level 3. HP: 31/31 MP: 4/6
  1336 | D:2      | Reached skill level 4 in Transmutations
  1412 | D:2      | Reached XP level 4. HP: 28/38 MP: 5/7
  1490 | D:2      | Learned a level 3 spell: Spider Form
  1491 | D:3      | Found a bloodstained altar of Trog.
  2428 | D:3      | Reached skill level 5 in Transmutations
  2502 | D:3      | Reached XP level 5. HP: 43/44 MP: 6/8
  3106 | D:4      | Reached skill level 6 in Transmutations
  3106 | D:4      | Reached XP level 6. HP: 14/51 MP: 7/9
  3951 | D:4      | Slain by a wasp zombie

Skill      XL: |  1  2  3  4  5 |
---------------+----------------+-----
Transmutations | 3 4 5 6 |  6.7
Fighting       | |  1.0
Dodging        | |  1.5
Unarmed Combat | |  3.0
Spellcasting   | |  2.0

Action                   |  1- 3 |  4- 6 || total
-------------------------+-------+-------++-------
Melee: Unarmed           |    84 |       ||    84
       Headbutt          |    14 |    16 ||    30
       Short sword       |    29 |   130 ||   159
       Punch             |       |     4 ||     4
       Dagger            |       |    67 ||    67
 Cast: Beastly Appendage |    24 |    28 ||    52
 Abil: Spit Poison       |    22 |    33 ||    55
  Eat: Chunk             |     3 |     9 ||    12
Armor: Robe              |    31 |    59 ||    90
Dodge: Dodged            |    79 |   137 ||   216
